 Dungeon Crawl Stone Soup version 0.28.0-53-g5a82cb258f (webtiles) character file.

Game seed: 18189708945096459749

414 Zeld the Chiller (level 6, -2/41 HPs)
             Began as a Merfolk Ice Elementalist on May 24, 2022.
             Killed from afar by Ijyb (17 damage)
             ... with a bolt of acid
             ... on level 4 of the Dungeon.
             The game lasted 00:07:43 (5090 turns).

Zeld the Chiller (Merfolk Ice Elementalist)         Turns: 5090, Time: 00:07:43

Health: -2/41      AC:  8    Str:  9    XL:     6   Next: 91%
Magic:  12/12      EV: 14    Int: 16    God:
Gold:   150        SH:  0    Dex: 14    Spells: 6/13 levels left

rFire   . . .      SeeInvis .   j - +4 whip
rCold   . . .      Faith    .   (no shield)
rNeg    . . .      Spirit   .   i - +2 robe
rPois   .          Reflect  .   d - +0 helmet
rElec   .          Harm     .   k - +2 cloak
rCorr   .          Rampage  .   (no gloves)
Will    .....                   (no boots)
Stlth   ++........              (no amulet)
HPRegen 0.13/turn               (no ring)
MPRegen 0.13/turn               (no ring)

@: no status effects
A: (nimble swimmer 2), mertail
a: no special abilities


You were on level 4 of the Dungeon.
You visited 1 branch of the dungeon, and saw 4 of its levels.

You collected 150 gold pieces.

Inventory:

Hand Weapons
 j - a +4 whip (weapon)
Armour
 d - a +0 helmet (worn)
 i - a +2 robe (worn)
 k - a +2 cloak (worn)
Wands
 o - a wand of mindburst (14)
 r - a wand of paralysis (4)
 s - a wand of iceblast (7)
Scrolls
 a - 4 scrolls of teleportation {unknown}
 b - 5 scrolls of identify {unknown}
 c - a scroll of summoning {unknown}
 f - a scroll of enchant armour {unknown}
 l - a scroll of fog {unknown}
 n - a scroll of enchant weapon {unknown}
 p - a scroll of torment {unknown}
Potions
 e - a potion of invisibility {unknown}
 g - 2 potions of curing {unknown}
 h - a potion of haste {unknown}
 m - a potion of brilliance {unknown}
 q - a potion of berserk rage {unknown}


   Skills:
 + Level 4.8 Dodging
 - Level 2.1 Stealth
 * Level 4.3 Spellcasting
 * Level 6.5 Ice Magic


You had 6 spell levels left.
You knew the following spells:

 Your Spells              Type           Power      Damage    Failure   Level
a - Freeze                Ice            96%        1d11      1%          1
b - Frozen Ramparts       Ice            48%        1d6       3%          3
c - Ozocubu's Armour      Ice            24%        N/A       3%          3

Your spell library contained the following spells:

 Spells                   Type           Power      Damage    Failure   Level
 Animate Skeleton         Necr           6%         N/A       17%         1
 Pain                     Necr           12%        1d4       17%         1
 Hailstorm                Conj/Ice       13%        3d5       38%         4
 Vampiric Draining        Necr           3%         2d6       45%         3


Dungeon Overview and Level Annotations

Branches:
Dungeon (4/15)
 Temple: D:4-7

Altars:

Shops:
D:2 :

Annotations:
D:4 Ijyb


Innate Abilities, Weirdness & Mutations

((You are very nimble when in or above water. (Stealth+, EV+, Speed+++)))
Your lower body shifts to a powerful aquatic tail in water.


Message History

Confirm with . or Enter, or press ? or * to list all spells.
Aiming: Freeze (safe; 1% risk of failure)
Press: ? - help, Shift-Dir - straight line, f/p - worm
Aim: a worm (severely wounded)
You freeze the worm.
The worm is severely wounded.
A worm is nearby!
A worm is nearby!
You hit the worm.
The worm is almost dead.
The worm bites you.
Casting: Freeze (safe; 1% risk of failure)
Confirm with . or Enter, or press ? or * to list all spells.
Aiming: Freeze (safe; 1% risk of failure)
Press: ? - help, Shift-Dir - straight line, f/p - worm
Aim: a worm (severely wounded)
You freeze the worm.
The worm is almost dead.
A worm is nearby!
Unknown command.
A worm is nearby!
Casting: Freeze (safe; 1% risk of failure)
Confirm with . or Enter, or press ? or * to list all spells.
Aiming: Freeze (safe; 1% risk of failure)
Press: ? - help, Shift-Dir - straight line, f/p - worm
Aim: a worm (almost dead)
You freeze the worm!
You kill the worm!
Found a robe.
You see here a +0 robe.
s - a wand of iceblast (7)
b - 5 scrolls labelled KEGACU VIQE (gained 1) Ijyb the Twisted Goblin comes into view.
She is wielding a +0 club and carrying a wand of acid (6).
Ijyb shouts!
You hear a shout!
Ijyb screams, "Me kill you!"
Ijyb zaps a wand.
The bolt of acid hits you!!
Ouch! That really hurt!
Ijyb screams, "You nasty!
Big nasty!"
Ijyb zaps a wand.
The bolt of acid hits you!
You die...

..###.......##.#.##.#.# ..
#.#<##..######.#.)....# ..
#.#.##......##.####.### ..
#.#.###.###.##.# #.## ..
#.#...#.# #.##.# ##.)#######..
#.###.#.# #....###.)..........
#.#.....# #######......#...#.#
####.#.#.###########.g.....#.#...
................@.......#...#....
####.#.#.############....#..#....
# #.#.#)# #......#...###.... #
#.#.#.# #.......#..#..#... #
#.#.#.# #........###...#.# #
#.#.... #.......#...#...#.
####.##### #......#.....#..#.
.....# #.............# ######
#####......#.....#..#


You could see Ijyb.

Vanquished Creatures
  A necrophage (D:4)
  A howler monkey (D:4)
  Jessica (D:2)
  Terence (D:2)
  Robin (D:2)
  3 gnolls (D:3)
  7 adders
  4 worms
  4 dart slugs
  4 orcs
  14 bats
  10 endoplasms
  6 giant cockroaches
  18 goblins
  7 hobgoblins
  3 jackals (D:4)
  3 quokkas
  8 ball pythons
  8 frilled lizards
  7 kobolds
  8 rats
119 creatures vanquished.

Notes
Turn   | Place    | Note
-------+----------+-------------------------------------------
     0 | D:1      | Zeld the Merfolk Ice Elementalist began the quest for the
                  | Orb.
     0 | D:1      | Reached XP level 1. HP: 13/13 MP: 3/3
   174 | D:1      | Reached XP level 2. HP: 19/19 MP: 3/5
   656 | D:1      | Found a faded altar of an unknown god.
   739 | D:1      | Reached XP level 3. HP: 24/24 MP: 4/6
   743 | D:1      | Learned a level 3 spell: Frozen Ramparts
   747 | D:1      | Learned a level 3 spell: Ozocubu's Armour
  1410 | D:2      | Reached skill level 5 in Ice Magic
  1735 | D:2      | Noticed Robin
  1744 | D:2      | Reached XP level 4. HP: 17/30 MP: 4/8
  1748 | D:2      | Killed Robin
  2233 | D:2      | Noticed Jessica
  2248 | D:2      | Killed Jessica
  2429 | D:2      | Reached XP level 5. HP: 31/35 MP: 4/9
  2671 | D:2      | Noticed Terence
  2692 | D:2      | Killed Terence
  3238 | D:2      | Found Adoxzyow's Book Shop.
  3899 | D:3      | Reached XP level 6. HP: 30/41 MP: 7/11
  3901 | D:3      | Reached skill level 6 in Ice Magic
  4608 | D:4      | Noticed a necrophage
  4641 | D:4      | Killed a necrophage
  5075 | D:4      | Noticed Ijyb
  5090 | D:4      | Killed from afar by Ijyb

Illustrated notes

Levels and vault maps discovered:
D:1:      tarquinn_simple_flora_water_a, layout_basic,
          hellmonk_ecumenical_altar_inner_sanctum, kennysheep_another_room,
          chequers_serial_rivers_micro_b, minmay_distorted
D:2:      minmay_thinvault, layout_loops_corners, serial_shops,
          nicolae_shop_statue_plus, kennysheep_generic_room_9, uniq_jessica,
          uniq_robin, uniq_terence
D:3:      layout_loops_ring, nicolae_concentric_dashed_squares_wild,
          small_statue_alley_b
D:4:      layout_basic, minmay_splitting_lines, uniq_ijyb

Skill      XL: |  1  2  3  4  5  6 |
---------------+-------------------+-----
Dodging        | 3 4 |  4.8
Ice Magic      | 5 6 |  6.5
Spellcasting   | 3 4 |  4.3
Stealth        | |  2.1

Action                   |  1- 3 |  4- 6 || total
-------------------------+-------+-------++-------
Melee: Unarmed           |    17 |     4 ||    21
       Punch             |     1 |       ||     1
       Whip              |       |    27 ||    27
 Cast: Freeze            |    58 |    87 ||   145
       Frozen Ramparts   |     1 |     4 ||     5
       Ozocubu's Armour  |       |     2 ||     2
 Stab: Sleeping          |       |     1 ||     1
Armor: Robe              |    24 |    37 ||    61
Dodge: Dodged            |    55 |    55 ||   110
